Description

Marauder Expand into 3 Rax Bio. See this document for other examples of Clem using this build: https://docs.google.com/document/d/1f8u4uhsrmcMRsZMY37O8MtqLaxj7Q9kep8Kvkh8cmJ4/edit?usp=sharing

VOD

https://www.twitch.tv/videos/278529758?t=05h27m27s

Replay - Clem v Harstem: Game 2 - Lost and Found LE

Build Order

Get SALT Encoding   

  12  0:00  SCV  
  13  0:13  SCV  
  14  0:17  Supply Depot  
  14  0:25  SCV  
  15  0:38  SCV  
  15  0:40  Barracks  
  16  0:43  Refinery  
  16  0:50  SCV  
  17  1:03  SCV  
  18  1:15  SCV  
  19  1:27  Orbital Command  
  19  1:29  Marine  
  20  1:38  Command Center  
  20  1:47  Supply Depot  
  20  1:49  Barracks Tech Lab  
  20  1:54  SCV  
  21  2:06  SCV  
  21  2:07  Concussive Shells  
  22  2:09  Marauder  
  24  2:16  Barracks  
  24  2:18  SCV  
  25  2:30  Marauder  
  25  2:32  Barracks  
  28  2:43  Engineering Bay  
  28  2:51  Orbital Command, Marine  
  29  2:56  Stimpack  
  31  3:08  Barracks Reactor  
  31  3:09  Marine  
  33  3:14  Supply Depot  
  34  3:20  Marine  
  34  3:24  Terran Infantry Weapons Level 1  
  34  3:26  Marine  
  37  3:32  Supply Depot  
  37  3:34  Missile Turret  
  37  3:39  Marine x3  
  40  3:44  Marine  
  45  3:56  Supply Depot  
  45  3:58  Marine  
  47  4:10  Missile Turret  
  51  4:18  Barracks Tech Lab  
  51  4:20  Factory  
  52  4:24  Refinery x2  
  54  4:43  Refinery  
  56  4:47  Combat Shields  
  59  4:57  Marauder x2  
  68  5:13  Starport, Factory Reactor  
  69  5:18  Marauder x2  
  73  5:44  Marauder  
  79  5:57  Marauder  
  79  5:59  Factory Reactor  
  79  6:02  Barracks x2  
  79  6:03  Medivac x2  
  87  6:13  Marauder  
  89  6:23  Marauder  
Spawning Tool Build Advisor. Get it on Overwolf

Go to:

Details

  • Created by: Zarmoxis
  • Published on: Jul 07, 2018
  • Modified on: Jul 07, 2018
  • Patch: 4.0.0
Show
View Real Time Build Order
Export as new Build Order

Comments (1)

On July 20, 2018, 2:19 a.m., toastrider91  said:

yo, your google doc seems to be private

Create an account to comment!